Map: 强酸工厂 - 天梯版

Players

Mana - Winner!

  • Race: Protoss Protoss
  • Spawn Location: 11:00

Cyan

  • Race: Protoss Protoss
  • Spawn Location: 5:00

Event: WCS Montreal 2018

VOD

Have the link to the VOD?

Description

Time

  • Played on: Sept. 7, 2018, 6:44 p.m.
  • Length: 12:48

All games in this series

Show
View Real Time Build Order
Export as new Build Order

Mana Protoss - Winner!

Build Orders:  

Get SALT Encoding   

  12  0:00  Probe  
  13  0:12  Probe  
  14  0:18  Pylon  
  14  0:24  Probe  
  15  0:32  Probe  
  15  0:38  Gateway  
  15  0:41  Probe  
  15  0:42  Assimilator  
  17  0:51  Probe  
  17  0:55  Assimilator  
  18  1:00  Probe  
  19  1:08  Probe  
  19  1:11  Gateway  
  20  1:19  Probe  
  21  1:25  Cybernetics Core  
  21  1:31  Probe  
  22  1:37  Pylon  
  22  1:43  Probe  
  23  1:52  Warp Gate  
  23  1:55  Probe  
  24  2:02  Stalker, Sentry  
  24  2:07  Probe  
  29  2:16  Pylon  
  29  2:29  Stalker  
  31  2:34  Stalker  
  32  2:54  Nexus  
  32  3:00  Stalker  
  34  3:09  Stalker  
  36  3:15  Pylon  
  36  3:21  Probe  
  37  3:28  Shield Battery  
  37  3:33  Pylon  
  37  3:39  Probe  
  37  3:41  Twilight Council  
  38  3:45  Shield Battery  
  38  3:54  Stalker  
  40  4:02  Stalker  
  40  4:18  Stalker  
  36  4:25  Dark Shrine  
  36  4:26  Stalker  
  37  4:35  Sentry  
  39  4:39  Robotics Facility  
  39  4:48  Stalker  
  39  4:54  Pylon  
  39  4:58  Probe  
  40  5:05  Pylon  
  40  5:14  Shield Battery  
  40  5:16  Warp Prism  
  42  5:30  Shield Battery  
  42  5:38  Dark Templar  
  42  5:42  Dark Templar  
  46  5:54  Immortal  
  50  6:18  Gateway  
  48  6:34  Immortal  
  52  6:50  Nexus  
  52  6:51  Probe  
  52  6:52  Pylon  
  53  7:03  Robotics Bay  
  53  7:10  Probe  
  54  7:22  Probe  
  55  7:34  Probe  
  56  7:39  Blink  
  56  7:41  Disruptor  
  56  7:46  Probe  
  60  7:59  Probe  
  60  8:05  Stalker x2  
  63  8:11  Probe  
  66  8:15  Assimilator  
  66  8:23  Disruptor  
  66  8:26  Probe x2  
  71  8:39  Probe x2  
  73  8:47  Shield Battery  
  73  8:58  Stalker x2  
  77  9:06  Disruptor  
  72  9:21  Gateway  
  72  9:22  Stalker, Assimilator  
  72  9:23  Stalker, Gateway  
  76  9:39  Gateway  
  76  9:43  Disruptor  
  76  9:45  Pylon  
  76  9:48  Pylon  
  77  10:05  Stalker x2, Pylon  
  81  10:07  Pylon  
  79  10:18  Disruptor  
  75  10:38  Stalker x5  
  83  10:58  Shield Battery  
  83  11:02  Stalker x4  
  85  11:22  Stalker  
  85  11:24  Disruptor  
  88  11:28  Stalker x2  
  88  11:31  Stalker  
  94  11:40  Stalker  
  96  12:02  Stalker x3, Observer  
  88  12:35  Stalker x3  
Show
View Real Time Build Order
Export as new Build Order

Cyan Protoss 

Build Orders:  

Get SALT Encoding   

  12  0:00  Probe  
  13  0:12  Probe  
  14  0:17  Pylon  
  14  0:24  Probe  
  15  0:32  Probe  
  15  0:36  Gateway  
  15  0:40  Probe  
  16  0:46  Assimilator  
  17  0:50  Probe  
  17  0:54  Assimilator  
  18  0:58  Probe  
  19  1:06  Probe  
  20  1:13  Gateway  
  20  1:17  Probe  
  20  1:24  Cybernetics Core  
  21  1:29  Probe  
  22  1:33  Pylon  
  22  1:41  Probe  
  22  1:44  Warp Gate  
  23  1:53  Probe  
  24  2:01  Stalker  
  24  2:02  Stalker  
  28  2:09  Pylon  
  28  2:25  Stargate  
  28  2:32  Adept x2  
  32  2:42  Gateway  
  32  2:43  Gateway  
  32  2:59  Stalker x2  
  36  3:18  Shield Battery  
  36  3:25  Pylon  
  36  3:48  Stalker x4  
  44  3:50  Pylon  
  44  4:14  Stalker  
  44  4:15  Stalker x2  
  44  4:22  Stalker  
  44  4:38  Stalker x2  
  46  4:51  Adept x2  
  48  5:01  Sentry  
  50  5:09  Robotics Facility  
  50  5:14  Probe  
  51  5:23  Pylon  
  51  5:26  Probe  
  50  5:51  Sentry  
  50  5:56  Observer  
  53  6:07  Pylon, Nexus  
  53  6:12  Stalker  
  53  6:13  Shield Battery  
  53  6:16  Sentry  
  53  6:17  Sentry  
  57  6:24  Stalker  
  57  6:25  Immortal  
  63  6:46  Shield Battery  
  63  6:47  Shield Battery  
  63  7:02  Immortal  
  63  7:07  Pylon  
  67  7:25  Stalker  
  67  7:26  Stalker  
  71  7:34  Observer  
  71  7:36  Probe x2  
  74  7:47  Warp Prism  
  74  7:48  Probe x2  
  78  8:00  Probe x2  
  78  8:02  Twilight Council  
  80  8:12  Probe x2  
  82  8:18  Resonating Glaives  
  82  8:21  Gateway  
  82  8:24  Gateway  
  82  8:30  Immortal  
  86  8:45  Gateway  
  86  8:47  Gateway  
  86  8:58  Adept x3  
  86  9:01  Adept  
  88  9:18  Immortal  
  88  9:21  Adept  
  94  9:24  Pylon  
  94  9:25  Pylon  
  94  9:27  Pylon  
  94  9:43  Adept x2  
  94  9:44  Adept x3  
  104  9:51  Adept  
  98  10:00  Immortal  
  98  10:01  Adept  
  92  10:09  Adept x2  
  92  10:18  Adept x4  
  100  10:34  Adept  
  96  10:49  Adept  
  98  10:51  Adept x4  
  98  10:56  Adept x2  
  100  11:12  Adept x4  
  100  11:14  Warp Prism  
  88  11:20  Adept x2  
  92  11:30  Adept  
  88  11:41  Adept x3  
  88  11:42  Adept  
  94  11:53  Pylon  
  94  12:13  Adept x3  
  94  12:14  Adept x4  
  79  12:34  Adept x4  
Tags
 
Add a new tag
Caveats
  • Supply blocks, unpowered buildings, or Contaminate may cause inaccurate times.
  • Supply counts are checked every 10 seconds.